 Dungeon Crawl Stone Soup version 0.30-a0-738-g116ff8c4af (webtiles) character file.

Game seed: 17769263277804131370

112 Leeroy the Slasher (level 4, -2/23 HPs)
             Began as a Vine Stalker Warper on Feb 3, 2023.
             Slain by a gnoll
             ... wielding a +0 flail
              (6 damage)
             ... on level 2 of the Dungeon.
             The game lasted 00:01:38 (1198 turns).

Leeroy the Slasher (Vine Stalker Warper)            Turns: 1198, Time: 00:01:39

Health: -2/23      AC:  3    Str: 14    XL:     4   Next: 93%
Magic:  0/8        EV: 11    Int: 13    God:
Gold:   108        SH:  0    Dex: 15    Spells: 7/7 levels left

rFire   . . .      SeeInvis .    a - +0 falchion
rCold   . . .      Faith    .    (no shield)
rNeg    . . .      Spirit   +    b - +0 leather armour
rPois   .          Reflect  .    (no helmet)
rElec   .          Harm     .    (no cloak)
rCorr   .          Rampage  .    (no gloves)
Will    .....                    (no boots)
Stlth   +                        (no amulet)
HPRegen 1.03/turn                (no ring)
MPRegen 0.11/turn                (no ring)

@: no status effects
A: fangs 2, regeneration 1, magic shield, antimagic bite, no potion heal 2
a: no special abilities


You were on level 2 of the Dungeon.
You visited 1 branch of the dungeon, and saw 3 of its levels.

You collected 108 gold pieces.

Inventory:

Hand Weapons
 a - a +0 falchion (weapon)
 o - a +0 great sword
Missiles
 d - 7 boomerangs of dispersal (quivered)
 i - 5 poisoned darts
Armour
 b - a +0 leather armour (worn)
Magical Staves
 m - a staff of fire
Scrolls
 c - a scroll of blinking
 h - 2 scrolls of identify {unknown}
 l - a scroll of vulnerability {unknown}
Potions
 e - 5 potions of curing {unknown}
 f - 2 potions of mutation {unknown}
 g - a potion of heal wounds {unknown}
 j - a potion of brilliance {unknown}
 k - a potion of degeneration {unknown}
 n - a potion of invisibility {unknown}


   Skills:
 - Level 1.7 Fighting
 + Level 4.5 Long Blades
 - Level 0.8 Throwing
 - Level 0.7 Armour
 - Level 1.5 Dodging
 - Level 2.1 Spellcasting
 - Level 3.0 Translocations


You had 7 spell levels left.
You didn't know any spells.
Your spell library contained the following spells:

 Spells                   Type           Power      Damage    Failure   Level
 Blink                    Tloc           18%        N/A       14%         2
 Lesser Beckoning         Tloc           18%        N/A       14%         2
 Teleport Other           Tloc           9%         N/A       28%         3
 Vhi's Electric Charge    Tloc/Air       10%        N/A       45%         3
 Manifold Assault         Tloc           9%         N/A       67%         4


Dungeon Overview and Level Annotations

Branches:
Dungeon (3/15)

Altars:
Okawaru


Innate Abilities, Weirdness & Mutations

You have extremely sharp teeth.
Your natural rate of healing is unusually fast.
When hurt, damage is shared between your health and your magic reserves.
Your bite disrupts and absorbs the magic of your enemies.
Potions cannot restore your health.


Message History

There are monsters nearby!
The gnoll hits you with a +0 flail!
You climb upwards.
There is a stone staircase leading down here.
You barely miss the gnoll. The gnoll hits you but does no damage.
You hit the gnoll but do no damage. You bite the gnoll. You drain its power.
You feel invigorated.
The gnoll is lightly wounded.
The gnoll misses you.
You slash the gnoll! You punch the gnoll.
The gnoll is almost dead.
The gnoll barely misses you.
You closely miss the gnoll.
The gnoll is almost dead.
The gnoll completely misses you.
You slash the gnoll!
You kill the gnoll!
No target in view!
No target in view!
No target in view!
No target in view!
You see here a +0 flail.
Magic restored.
There is an escape hatch in the floor here.
You see here a +0 flail.
There is a stone staircase leading down here.
You climb downwards.
The gnoll hits you with a +0 flail. The gnoll hits you with a +0 whip.
The gnoll barely misses you.
There is a stone staircase leading up, spattered with blood here.
The gnoll hits you but does no damage. The gnoll closely misses you.
The gnoll hits you with a +0 club.
You climb upwards.
There is a stone staircase leading down here.
You hit the gnoll.
The gnoll is moderately wounded.
The gnoll hits you with a +0 whip. The gnoll hits you with a +0 club.
The gnoll hits you with a +0 flail!
* * * LOW HITPOINT WARNING * * *
The gnoll attacks as you move away! The gnoll hits you with a +0 flail!
You die...

####...#####....# #.......
###.....##.### #.......
#.###..#.#### #....... #.#
##......## #....... #.#
#...##..# ##.......
######.####.#...#.## ###........
#...........###.#..###...######.
#...........###gg........# ###.
#.....<.)......@.......######...
#.....(.....###.g....#....#...##
#...........####.....#....[.###
#...............[....#........##
#########.....##.....#........##
# #..##.###.....#..........
#########..##.#
#...).#..........
.##.........(.#
###....<...####..
)............## ##.###....# #..


You could see 3 gnolls.

Vanquished Creatures
  8 gnolls
  An adder (D:2)
  An orc (D:2)
  3 bats
  3 goblins
  A hobgoblin (D:1)
  2 kobolds (D:1)
  2 quokkas (D:1)
  5 ball pythons
  3 rats (D:1)
29 creatures vanquished.

Notes
Turn   | Place    | Note
-------+----------+-------------------------------------------
     0 | D:1      | Leeroy the Vine Stalker Warper began the quest for the Orb.
     0 | D:1      | Reached XP level 1. HP: 11/11 MP: 4/4
    39 | D:1      | Reached skill level 2 in Long Blades
   146 | D:1      | Reached XP level 2. HP: 12/15 MP: 4/6
   533 | D:1      | Found an iron altar of Okawaru.
   597 | D:2      | Reached skill level 3 in Long Blades
   597 | D:2      | Reached XP level 3. HP: 17/18 MP: 7/7
   696 | D:1      | Gained mutation: Your natural rate of healing is unusually
                  | fast. [Vine Stalker growth]
   696 | D:1      | Reached XP level 4. HP: 11/23 MP: 6/8
   718 | D:1      | Reached skill level 4 in Long Blades
  1198 | D:2      | Slain by a gnoll

Illustrated notes

Levels and vault maps discovered:
D:1:      dpeg_arrival_water_altar, layout_rooms
D:2:      layout_rooms
D:3:      layout_loops_corners, nicolae_hepliaklqana_hippocampus,
          nemelex_xobeh_ov_fountains_minmay

Skill      XL: |  1  2  3  4 |
---------------+-------------+-----
Long Blades    | 2 3 4 |  4.5
Fighting       | |  1.7
Throwing       | |  0.8
Armour         | |  0.7
Dodging        | |  1.5
Spellcasting   | |  2.1
Translocations | |  3.0

Action                     |  1- 3 |  4- 6 || total
---------------------------+-------+-------++-------
  Melee: Falchion          |    48 |    24 ||    72
         Bite              |    15 |     8 ||    23
         Punch             |       |     1 ||     1
 Armour: Leather armour    |    11 |     6 ||    17
  Dodge: Dodged            |    34 |    21 ||    55

Table legend: (Time is in decaauts)
 A = Elapsed time spent in this place.
 B = Non-inter-level travel time spent in this place.
 C = Inter-level travel time spent in this place.
 D = Time resting spent in this place.
 E = Time spent auto-exploring this place.
 F = Levels seen in this place.
 G = Mean time per level.
                   A        B        C        D        E       F      G
               +--------+--------+--------+--------+--------+-----+--------+
         Total |   1224 |   1167 |     57 |     76 |    830 |   3 |  408.0 |
       Dungeon |   1224 |   1167 |     57 |     76 |    830 |   3 |  408.0 |
               +--------+--------+--------+--------+--------+-----+--------+

Top non-repeatable levels by time:
     D:1: 729 daAuts
     D:2: 490 daAuts
     D:3: 4 daAuts
